 Dungeon Sprint DCSS version 0.30-a0-528-g8c47a4955b (webtiles) character file.

Game seed: 11162480479201144351

1767 rocky1 the Destroyer (level 8, -4/49 HPs)
             Began as a Deep Elf Conjurer on Dec 23, 2022.
             Was a Believer of Vehumet.
             Slain by an earth elemental (27 damage)
             ... in the Dungeon (Sprint III: "The Ten Rune Challenge") on Dec 24, 2022.
             The game lasted 00:10:13 (1126 turns).

rocky1 the Destroyer (Deep Elf Conjurer)            Turns: 1126, Time: 00:10:14

Health: -4/49      AC:  3    Str:  4    XL:     8   Next: 80%
Magic:  6/24       EV: 15    Int: 26    God:    Vehumet [**....]
Gold:   36         SH:  0    Dex: 13    Spells: 5/28 levels left

rFire   . . .      SeeInvis .    d - +7 dagger (speed)
rCold   . . .      Faith    .    (no shield)
rNeg    . . .      Spirit   .    a - +0 robe
rPois   .          Reflect  .    (no helmet)
rElec   .          Harm     .    (no cloak)
rCorr   .          Rampage  .    (no gloves)
Will    .....      NoTele   +    p - +0 pair of boots
Stlth   +                        (no amulet)
HPRegen 0.28/turn                (no ring)
MPRegen 0.19/turn                (no ring)

@: very slow
A: no striking features
a: Renounce Religion


You were in the Dungeon.
You worshipped Vehumet.
Vehumet was pleased with you.
You visited 1 branch You collected 36 gold pieces.

Inventory:

Hand Weapons
 d - a +7 dagger of speed (weapon)
 h - a +0 quarterstaff
Armour
 a - a +0 robe (worn)
 p - a +0 pair of boots (worn)
Wands
 j - a wand of roots (7)
Scrolls
 g - a scroll of blinking
 i - 4 scrolls of identify
 m - 2 scrolls of immolation {unknown}
Potions
 b - 2 potions of magic
 c - a potion of curing
 e - a potion of haste
 f - a potion of berserk rage
 k - a potion of invisibility {unknown}
 l - 4 potions of mutation {unknown}
 n - a potion of brilliance {unknown}
 o - 4 potions of flight


   Skills:
 + Level 5.1 Fighting
 - Level 4.7 Staves
 + Level 8.6 Dodging
 - Level 3.5 Stealth
 + Level 10.8 Spellcasting
 + Level 14.8 Conjurations
 + Level 6.9 Ice Magic


You had 5 spell levels left.
You knew the following spells:

 Your Spells              Type           Power      Damage    Failure   Level
a - Magic Dart            Conj           100%       1d8       0%          1
b - Searing Ray           Conj           100%       2d8       0%          2
c - Dazzling Flash        Conj/Hex       100%       N/A       1%          3
d - Fulminant Prism       Conj/Hex       25%        3d14      1%          4
e - Iskenderun's Mystic   Conj/Tloc      51%        2d11      1%          4
f - Frozen Ramparts       Ice            100%       1d16      1%          3
g - Ice Form              Ice/Tmut       32%        N/A       10%         4
h - Scorch                Fire           28%        2d6       6%          2

Your spell library contained the following spells:

 Spells                   Type           Power      Damage    Failure   Level
 Summon Ice Beast         Ice/Summ       32%        N/A       10%         4


Dungeon Overview and Level Annotations

Branches:
Dungeon (1/1)

Altars:
Dithmenos
Elyvilon
Kikubaaqudgha
Okawaru
Ru
Sif Muna
Trog
Uskayaw
Vehumet
Wu Jian
Yredelemnul
Zin
The Shining One


Message History

The earth elemental hits you!!
The searing ray hits the earth elemental but does no damage.
The earth elemental is heavily damaged.
The searing ray hits the earth elemental.
The earth elemental is heavily damaged.
The earth elemental misses you.
The searing ray hits the earth elemental but does no damage.
The earth elemental is heavily damaged.
You finish channelling your searing ray.
Casting: Searing Ray (safe; 0% risk of failure)
Confirm with . or Enter, or press ? or * to list all spells.
Aiming: Searing Ray (safe; 0% risk of failure)
Press: ? - help, Shift-Dir - straight line, f/p - earth elemental
Aim: an earth elemental (heavily damaged, 96% to hit)
The searing ray hits the earth elemental.
The earth elemental is heavily damaged. (Press . to maintain the ray.)
The earth elemental barely misses you.
The searing ray hits the earth elemental.
The earth elemental is heavily damaged.
The earth elemental barely misses you.
The searing ray hits the earth elemental.
The earth elemental is heavily damaged.
The searing ray hits the earth elemental!
The earth elemental is severely damaged.
You finish channelling your searing ray.
The earth elemental hits you!
Casting: Searing Ray (safe; 0% risk of failure)
Confirm with . or Enter, or press ? or * to list all spells.
Aiming: Searing Ray (safe; 0% risk of failure)
Press: ? - help, Shift-Dir - straight line, f/p - earth elemental
Aim: an earth elemental (severely damaged, 96% to hit)
The searing ray hits the earth elemental but does no damage.
The earth elemental is severely damaged. (Press . to maintain the ray.)
The searing ray hits the earth elemental!
The earth elemental is almost destroyed.
The earth elemental hits you!!
Ouch! That really hurt!
You die...

############
#___#___#__#
#!..#__.#._#
###'#)###[##
#.)........#
'.⌠........#
#...######'#
#.⌠.#
#...#+#######
#...#
#...#..[~@E.#
#)###
#...#.#§§§#.#
#...#
#...'.#§§§#.#
#___#
+...#.#...#..
▓▓▓▓▓
▓▓▓▓▓▓▓▓▓▓▓▓▓▓


You could see an earth elemental.

Vanquished Creatures
  Josephine (D)
  A deep elf pyromancer (D)
  A shadow (D)
  A water elemental (D)
  A necrophage (D)
  A jelly (D)
  A wizard (D)
  Jessica (D)
  A necromancer (D)
  A kobold demonologist (D)
  3 humans (D)
  A phantom (D)
  3 rats (D)
  A fulminant prism (D)
18 creatures vanquished.

Vanquished Creatures (others)
  4 fulminant prisms (D)
4 creatures vanquished.

Grand Total: 22 creatures vanquished

Notes
Turn   | Place    | Note
-------+----------+-------------------------------------------
     0 | D        | rocky1 the Deep Elf Conjurer began the quest for the Orb.
     0 | D        | Reached XP level 1. HP: 10/10 MP: 6/6
    38 | D        | Noticed Jessica
    41 | D        | Killed Jessica
    42 | D        | Reached skill level 1 in Staves
    42 | D        | Reached skill level 7 in Conjurations
    42 | D        | Reached XP level 2. HP: 7/15 MP: 3/8
   101 | D        | Learned a level 2 spell: Searing Ray
   126 | D        | Reached XP level 3. HP: 5/19 MP: 3/10
   192 | D        | Reached skill level 8 in Conjurations
   218 | D        | Learned a level 3 spell: Dazzling Flash
   218 | D        | Noticed a water elemental
   224 | D        | Killed a water elemental
   225 | D        | Reached skill level 5 in Spellcasting
   225 | D        | Reached skill level 9 in Conjurations
   225 | D        | Reached XP level 4. HP: 7/24 MP: 11/13
   452 | D        | Found a radiant altar of Vehumet.
   452 | D        | Found a shimmering blue altar of Sif Muna.
   452 | D        | Found an ancient bone altar of Kikubaaqudgha.
   452 | D        | Noticed a wizard
   455 | D        | Killed a wizard
   456 | D        | Reached skill level 10 in Conjurations
   456 | D        | Reached XP level 5. HP: 24/28 MP: 10/14
   512 | D        | Became a worshipper of Vehumet
   518 | D        | Learned a level 4 spell: Fulminant Prism
   523 | D        | Learned a level 4 spell: Iskenderun's Mystic Blast
   544 | D        | Reached skill level 11 in Conjurations
   576 | D        | Noticed a shadow
   583 | D        | Killed a shadow
   584 | D        | Reached skill level 12 in Conjurations
   584 | D        | Reached XP level 6. HP: 6/33 MP: 6/17
   695 | D        | Learned a level 3 spell: Frozen Ramparts
   708 | D        | Found a basalt altar of Yredelemnul.
   708 | D        | Found a shadowy altar of Dithmenos.
   708 | D        | Found a sacrificial altar of Ru.
   712 | D        | Reached * piety under Vehumet
   712 | D        | Offered knowledge of Foxfire by Vehumet.
   715 | D        | Reached skill level 13 in Conjurations
   715 | D        | Reached skill level 1 in Ice Magic
   768 | D        | Found a hide-covered altar of Uskayaw.
   768 | D        | Found an iron altar of Okawaru.
   768 | D        | Found a bloodstained altar of Trog.
   768 | D        | Found an ornate altar of the Wu Jian Council.
   768 | D        | Noticed a human
   769 | D        | Noticed a human
   774 | D        | Killed a human
   774 | D        | Killed a human
   774 | D        | Reached ** piety under Vehumet
   775 | D        | Reached skill level 5 in Dodging
   775 | D        | Reached XP level 7. HP: 38/40 MP: 11/20
   829 | D        | Learned a level 4 spell: Ice Form
   830 | D        | Found a glowing silver altar of Zin.
   830 | D        | Found a glowing golden altar of the Shining One.
   830 | D        | Found a white marble altar of Elyvilon.
   831 | D        | Noticed a deep elf pyromancer
   843 | D        | Noticed a fire elemental
   843 | D        | Noticed a fire elemental
   845 | D        | Killed a deep elf pyromancer
   846 | D        | Reached skill level 14 in Conjurations
   846 | D        | Reached skill level 5 in Ice Magic
   846 | D        | Reached XP level 8. HP: 32/48 MP: 6/23
   958 | D        | Noticed Josephine
  1042 | D        | Killed Josephine
  1042 | D        | Offered knowledge of Scorch by Vehumet.
  1043 | D        | Reached skill level 5 in Fighting
  1043 | D        | Reached skill level 10 in Spellcasting
  1107 | D        | Learned a level 2 spell: Scorch
  1126 | D        | Slain by an earth elemental

Illustrated notes

Levels and vault maps discovered:
D:        dungeon_sprint_mu [sprint_mu_entry_cave, sprint_mu_temple_rooms,
          sprint_mu_d1_horrors, sprint_mu_d2_genie, sprint_mu_d3_branching,
          sprint_mu_orc_legion, sprint_mu_elf_gauntlet, sprint_mu_hive_nellie,
          sprint_mu_lair_fedhas, sprint_mu_vaults_butterflies,
          sprint_mu_slime_circle, sprint_mu_swamp_cave, sprint_mu_snake_twists,
          sprint_mu_blade_basic, sprint_mu_crypt_fortress,
          sprint_mu_tomb_spiral, sprint_mu_vestibule_basic,
          sprint_mu_gehenna_hellfire, sprint_mu_dis_giant,
          sprint_mu_tartarus_statrot, sprint_mu_cocytus_islands, sprint_mu_zot1]

Skill      XL: |  1  2  3  4  5  6  7  8 |
---------------+-------------------------+-----
Staves         | 1 2 3 4 |  4.7
Conjurations   | 7 9 10 12 13 14 | 14.8
Spellcasting   | 4 5 6 8 9 10 | 10.8
Dodging        | 3 4 5 7 8 |  8.6
Stealth        | 3 |  3.5
Ice Magic      | 4 5 6 |  6.9
Fighting       | 2 3 5 |  5.1

Action                   |  1- 3 |  4- 6 |  7- 9 || total
-------------------------+-------+-------+-------++-------
Melee: Quarterstaff      |     3 |       |       ||     3
 Cast: Magic Dart        |    13 |    16 |     5 ||    34
       Searing Ray       |     2 |     3 |     5 ||    10
       Fulminant Prism   |       |     1 |     4 ||     5
       Frozen Ramparts   |       |     2 |     2 ||     4
       Dazzling Flash    |       |       |     1 ||     1
  Use: Potion            |     2 |       |     1 ||     3
Armor: Robe              |       |       |     2 ||     2
Dodge: Dodged            |     6 |     5 |     4 ||    15

Table legend: (Time is in decaauts)
 A = Elapsed time spent in this place.
 B = Non-inter-level travel time spent in this place.
 C = Inter-level travel time spent in this place.
 D = Time resting spent in this place.
 E = Time spent auto-exploring this place.
 F = Levels seen in this place.
 G = Mean time per level.
                   A        B        C        D        E       F      G
               +--------+--------+--------+--------+--------+-----+--------+
         Total |   1145 |   1145 |      0 |    792 |     28 |   1 | 1145.0 |
       Dungeon |   1145 |   1145 |      0 |    792 |     28 |   1 | 1145.0 |
               +--------+--------+--------+--------+--------+-----+--------+

Top non-repeatable levels by time:
       D: 1145 daAuts
